Unix NetHack Version 5.0.0-0 post-release - last build Jul 11 2026 15:18:16 (a5a7a23833b1ad5d30b1c6e96a93a978492a6348,branch:main).

Game began 2026-07-12 06:46:14, ended 2026-07-12 07:03:57.

BATTLEMODE, chaotic female elven Wizard

              --   ---
       -- |  --.-  |.-------
       |.... |...--|..f.@...-
       |...........|...--h@|  ..#     -
         -............^|-....{........|
         --.    |......|..#.....----  |
          |     ---....|.....G..|
                  --.----...--|--
                   |.|  |...|  .
                   ---  +...|
                        -...|
                         ...|
                         ...|
                        --..|
                          ..|
                          ..-
                          ..
                          ..
                          -..
                           ---

BATTLEMODE the Conjurer   St:11 Dx:11 Co:15 In:19 Wi:10 Ch:12  Chaotic
Dlvl:7  $:68 HP:0(27) Pw:34(41) AC:9  Xp:4 T:1344 

Latest messages:
 w - an orange gem.
 Gregory picks up a white gem.
 x - 5 arrows.
 y - a bow.
 Gregory drops a white gem.
 You swap places with Gregory.
 You see here a white gem.
 Gregory picks up a hooded cloak.
 You swap places with Gregory.
 You see here a white gem.
 z - a white gem.
 Gregory drops a hooded cloak.
 You hear rumbling in the distance.
 You descend the stairs.
 Pick a monster, object or location.
 The gnome wields a crossbow!
 You swap places with Gregory.
 The dwarf throws a dagger!
 You are hit by a dagger.
 You kill the gnome!
 A trap door opens up under you!
 You fall down a shaft!
 Pick a monster, object or location.
 Pick a monster, object or location.
 You hear a door open.
 You hear an animal carcass being offered in sacrifice.
 You swap places with Gregory.
 You hear a door open.
 You hear crashing rock.
 The gnome hits!
 You miss the gnome.
 The gnome just misses!
 You hit the gnome!
 The gnome hits!
 You miss the gnome.
 You hear a door open.
 The gnome opens a door.
 The gnome hits!
 In what direction? 3
 The spell hits the gnome!
 You kill the gnome!
 You hear crashing rock.
 The dwarf swings his pick-axe.
 The dwarf hits!
 You die...
 Do you want your possessions identified? [ynq] (y) y
 Do you want to see your attributes? [ynq] (y) y
 Do you want an account of creatures vanquished? [ynaq] (y) y
 Do you want to see your conduct and achievements? [ynq] (y) y
 Do you want to see the dungeon overview? [ynq] (y) y

Inventory:
 Coins    ('$')
  $ - 68 gold pieces
 Weapons  (')')
  x - 5 +0 arrows
  y - a +1 bow
  a - a blessed +1 quarterstaff (weapon in hands)
 Armor    ('[')
  b - an uncursed +0 cloak of magic resistance (being worn)
 Comestibles  ('%')
  s - a blessed tin of spinach
 Scrolls  ('?')
  k - an uncursed scroll of enchant armor
  j - an uncursed scroll of identify
  q - an uncursed scroll of magic mapping
  i - an uncursed scroll of teleportation
 Spellbooks  ('+')
  m - an uncursed spellbook of confuse monster
  l - a blessed spellbook of force bolt
 Potions  ('!')
  t - an uncursed potion of hallucination
  g - an uncursed potion of oil
  f - an uncursed potion of restore ability
 Rings    ('=')
  d - an uncursed +3 ring of increase damage (on right hand)
  e - an uncursed ring of stealth (on left hand)
 Wands    ('/')
  c - a wand of light (0:15)
 Tools    ('(')
  o - an uncursed wooden flute
  p - an expensive camera (0:71)
  n - a magic marker (0:22)
  v - an uncursed tin whistle
 Gems/Stones  ('*')
  z - an uncursed dilithium crystal
  w - an uncursed worthless piece of orange glass
  u - an uncursed worthless piece of red glass

BATTLEMODE the Wizard's attributes:

Background:
 You were a Conjurer, a level 4 female elven Wizard.
 You were chaotic, nominally on a mission for Anhur
 who was opposed by Ptah (lawful) and Thoth (neutral).
 You were right-handed.
 You were in the Gnomish Mines, on level 7.
 You entered the dungeon 1344 turns ago.
 You had 143 experience points, 17 more were needed to attain level 5.

Basics:
 You had 0 out of 27 hit points.
 You had 34 out of 41 energy points (spell power).
 Your armor class was 9.
 Your wallet contained 68 zorkmids.
 Autopickup was off.

Final Characteristics:
 Your strength was 11 (limit:18).
 Your dexterity was 11 (limit:18).
 Your constitution was 15 (limit:16).
 Your intelligence was 19 (limit:20).
 Your wisdom was 10 (limit:20).
 Your charisma was 12 (limit:18).

Final Status:
 You weren't hungry.
 You were unencumbered.
 You were wielding a quarterstaff.
 You had basic skill with quarterstaff.

Final Attributes:
 You were devoutly aligned.
 You were magic-protected.
 You were sleep resistant.
 You had infravision.
 You were stealthy.
 You had a small damage bonus (+3).
 You were warded.
 You are dead.

Miscellaneous:
 You didn't encounter any bones levels.
 Total elapsed playing time was 17 minutes and 39 seconds.

Major events:
 Turn
    1: BATTLEMODE the chaotic female elven Wizard entered the dungeon
 1020: entered the Gnomish Mines
 1024: attained the rank of Conjurer (level 3)
 1306: reached Mine Town
 1344: killed by a dwarf

Spells:
 Name                 Level Category     Fail Retention
 force bolt             1   attack         0%  91%-100%
 confuse monster        1   enchantment    0%  91%-100%

Skills:
 Fighting Skills
   bare handed combat [Unskilled]
   riding             [Unskilled]
 Weapon Skills
   dagger             [Unskilled]
   knife              [Unskilled]
   axe                [Unskilled]
   short sword        [Unskilled]
   club               [Unskilled]
   mace               [Unskilled]
   quarterstaff       [Basic]
   polearms           [Unskilled]
   spear              [Unskilled]
   trident            [Unskilled]
   sling              [Unskilled]
   dart               [Unskilled]
   shuriken           [Unskilled]
 Spellcasting Skills
   attack spells      [Basic]
   healing spells     [Unskilled]
   divination spells  [Unskilled]
   enchantment spells [Basic]
   clerical spells    [Unskilled]
   escape spells      [Unskilled]
   matter spells      [Unskilled]

Voluntary challenges:
 Character rerolling was not enabled.
 You were an atheist.
 You were illiterate.
 You never genocided any monsters.
 You never polymorphed an object.
 You never changed form.
 You used no wishes.
Achievements:
 You entered the Gnomish Mines.
 You attained the rank of Conjurer.
 You entered Minetown.

 The Dungeons of Doom: levels 1 to 3
    Level 1:
    Level 2:
       A fountain.
    Level 3:
       A fountain.
       Stairs down to The Gnomish Mines.
 The Gnomish Mines: levels 4 to 7
    Level 4:
    Level 5:
    Level 7: <- You were here.
       A fountain, some trees.
       Final resting place for
          you, killed by a dwarf.


Vanquished creatures:
  a gnome leader
  a kitten
  2 dwarves
  a rabid rat
  2 coyotes
  a large kobold
 11 gnomes
  a gnome zombie
  a gecko
  2 jackals
  a goblin
  4 lichens
  a kobold zombie
  2 newts
31 creatures vanquished.

No species were genocided or became extinct.

Game over:
                       ----------
                      /          \
                     /    REST    \
                    /      IN      \
                   /     PEACE      \
                  /                  \
                  |    BATTLEMODE    |
                  |      68 Au       |
                  |   killed by a    |
                  |      dwarf       |
                  |                  |
                  |                  |
                  |       2026       |
                 *|     *  *  *      | *
        _________)/\\_//(\/(/\)/\//\/|_)_______

Goodbye BATTLEMODE the Wizard...

You died in The Gnomish Mines on dungeon level 7 with 934 points,
and 68 pieces of gold, after 1344 moves.
You were level 4 with a maximum of 27 hit points when you died.

